 Dungeon Crawl Stone Soup version 0.31-a0-177-g4aa6249778 (webtiles) character file.

Game seed: 9481164675800523391

167 Moral the Shooter (level 5, -3/36 HPs)
             Began as an Octopode Hunter on June 19, 2023.
             Slain by a gnoll
             ... wielding a +0 spear
              (11 damage)
             ... on level 3 of the Dungeon.
             The game lasted 00:05:31 (2271 turns).

Moral the Shooter (Octopode Hunter)                 Turns: 2271, Time: 00:05:32

Health: -3/36      AC:  1    Str: 10    XL:     5   Next: 48%
Magic:  5/5        EV: 19    Int: 12    God:
Gold:   144        SH:  0    Dex: 17    Spells: 4/4 levels left

rFire   . . .        a - +0 shortbow
rCold   . . .        (shield currently unavailable)
rNeg    . . .        (helmet restricted)
rPois   .            (no amulet)
rElec   .            e - +5 ring of evasion
rCorr   .            (no ring)
SInv    .            (no ring)
Will    .....        (no ring)
Stlth   ++++         (no ring)
HPRegen 0.26/turn    (no ring)
MPRegen 0.09/turn    (no ring)
                     (no ring)

%: no passive effects
@: no status effects
A: almost no armour, amphibious, 8 rings, camouflage 1, gelatinous body 1,
(nimble swimmer 1), tentacles
a: no special abilities


You were on level 3 of the Dungeon.
You visited 1 branch of the dungeon, and saw 3 of its levels.

You collected 144 gold pieces.

Inventory:

Hand Weapons
 a - a +0 shortbow (weapon)
Jewellery
 e - a +5 ring of evasion (left tentacle)
Scrolls
 b - 2 scrolls of teleportation {unknown}
 h - a scroll of poison {unknown}
 i - 2 scrolls of identify {unknown}
 j - a scroll of blinking {unknown}
Potions
 c - 2 potions of curing {unknown}
 d - a potion of ambrosia {unknown}
 f - a potion of brilliance {unknown}
 g - a potion of attraction {unknown}
 k - a potion of mutation {unknown}
 l - a potion of haste {unknown}


   Skills:
 * Level 3.5 Fighting
 + Level 4.5 Ranged Weapons
 + Level 2.8 Dodging
 * Level 4.3 Stealth


You had 4 spell levels left.
You didn't know any spells.
Your spell library contained the following spells:

 Spells                   Type           Power      Damage    Failure   Level
 Freeze                   Ice            0%         1d3       32%         1
 Frozen Ramparts          Ice            0%         1d1       69%         3
 Hailstorm                Conj/Ice       0%         3d3       69%         3


Dungeon Overview and Level Annotations

Branches:
Dungeon (3/15)

Altars:

Shops:
D:2 *


Innate Abilities, Weirdness & Mutations

You cannot wear most types of armour.
You are amphibious.
You can wear up to eight rings at the same time.
Your skin changes colour to match your surroundings (Stealth+).
Your rubbery body absorbs attacks. (AC +1, EV +1)
((You are camouflaged when in or above water. (Stealth+)))
You have tentacles for arms and can constrict up to eight enemies at once.


Message History

The gnoll is moderately wounded.
The gnoll misses you. x2
You shoot an arrow. The arrow hits the gnoll.
The gnoll is heavily wounded.
The gnoll hits you with a +0 flail.
You shoot an arrow. The arrow hits the gnoll.
The gnoll is heavily wounded.
The gnoll misses you.
You shoot an arrow. The arrow hits the gnoll.
The gnoll is severely wounded.
The gnoll hits you with a +0 flail.
You shoot an arrow. The arrow hits the gnoll.
You kill the gnoll!
You shoot an arrow. The arrow hits the gnoll!
The gnoll is almost dead.
The gnoll hits you with a +0 whip of venom.
You are poisoned.
The gnoll misses you. The gnoll barely misses you.
You shoot an arrow. The arrow hits the gnoll!
You kill the gnoll!
You feel very sick. The gnoll misses you.
You feel sick. The gnoll misses you.
Items here: )) ? †.
You shoot an arrow. The arrow barely misses the gnoll.
You feel sick. The gnoll closely misses you.
You shoot an arrow. The arrow barely misses the gnoll.
You feel sick. The gnoll hits you with a +0 spear!
You shoot an arrow. The arrow hits the gnoll.
The gnoll is moderately wounded.
You feel sick. The gnoll closely misses you.
You shoot an arrow. The arrow hits the gnoll.
The gnoll is severely wounded.
You feel sick. The gnoll misses you. The gnoll barely misses you.
You shoot an arrow. The arrow hits the gnoll.
The gnoll is almost dead.
You feel sick.
You are no longer poisoned.
The gnoll hits you with a +0 spear!
You die...

#..# #..# .## #..# ..#
#.>##### #.# #......#
#.# #.####.# .## #.#
#.###... .....#######
#.# #.##...<
#..!.g@..###.###.#.....
#...####...............
#.(. ###...###.#.....
...[ ............##....
..g #####.............
.. ############## .


You could see a gnoll.

Vanquished Creatures
  A hound (D:2)
  7 gnolls
  2 adders (D:2)
  2 dart slugs (D:1)
  7 ball pythons
  5 bats
  7 endoplasms
  2 giant cockroaches (D:1)
  2 goblins (D:2)
  4 hobgoblins (D:2)
  4 jackals (D:1)
  2 frilled lizards (D:1)
  3 kobolds
  3 rats
51 creatures vanquished.

Notes
Turn   | Place    | Note
-------+----------+-------------------------------------------
     0 | D:1      | Moral the Octopode Hunter began the quest for the Orb.
     0 | D:1      | Reached XP level 1. HP: 14/14 MP: 1/1
    98 | D:1      | Reached XP level 2. HP: 19/19 MP: 2/2
   525 | D:1      | Reached XP level 3. HP: 9/25 MP: 3/3
  1158 | D:2      | Found Wechih's Assorted Antiques.
  1218 | D:2      | Reached XP level 4. HP: 27/30 MP: 4/4
  1669 | D:2      | Reached XP level 5. HP: 33/36 MP: 5/5
  2271 | D:3      | Slain by a gnoll

Illustrated notes

Levels and vault maps discovered:
D:1:      tarquinn_simple_flora_water_e, layout_basic, minmay_misc_feat_roman
D:2:      kb_forest_paths, layout_basic, serial_shops,
          nicolae_shop_tiny_real_fake_doors
D:3:      layout_loops_ring, minmay_misc_feat_tiny, hangedman_feature_mirror

Skill      XL: |  1  2  3  4  5 |
---------------+----------------+-----
Stealth        | 2 3 4 |  4.3
Fighting       | 3 |  3.5
Ranged Weapons | |  4.5
Dodging        | |  2.8

Action                     |  1- 3 |  4- 6 || total
---------------------------+-------+-------++-------
   Fire: Shortbow          |    80 |    92 ||   172
    Use: Scroll            |     1 |       ||     1
 Armour: Skin              |     1 |       ||     1
  Dodge: Dodged            |    28 |    51 ||    79

Table legend: (Time is in decaauts)
 A = Elapsed time spent in this place.
 B = Non-inter-level travel time spent in this place.
 C = Inter-level travel time spent in this place.
 D = Time resting spent in this place.
 E = Time spent auto-exploring this place.
 F = Levels seen in this place.
 G = Mean time per level.
                   A        B        C        D        E       F      G
               +--------+--------+--------+--------+--------+-----+--------+
         Total |   2302 |   2190 |    112 |    607 |   1142 |   3 |  767.3 |
       Dungeon |   2302 |   2190 |    112 |    607 |   1142 |   3 |  767.3 |
               +--------+--------+--------+--------+--------+-----+--------+

Top non-repeatable levels by time:
     D:1: 1118 daAuts
     D:2: 997 daAuts
     D:3: 186 daAuts
